 Dungeon Crawl Stone Soup version 0.27-a0-1296-g8ece459b43 (webtiles) character file.

Game seed: 11577034744801574656

40 HAL9000 the Sneak (level 3, -1/18 HPs)
             Began as a Vine Stalker Brigand on June 16, 2021.
             Succumbed to an adder's poison
             ... on level 2 of the Dungeon.
             The game lasted 00:01:23 (1181 turns).

HAL9000 the Sneak (Vine Stalker Brigand)            Turns: 1181, Time: 00:01:23

Health: -1/18      AC:  4    Str: 14    XL:     3   Next: 50%
Magic:  0/4        EV: 11    Int: 11    God:
Gold:   63         SH:  0    Dex: 15    Spells: 2/2 levels left

rFire    . . .     SeeInvis .   a - +2 dagger
rCold    . . .     Faith    .   (no shield)
rNeg     . . .     Spirit   +   b - +0 robe
rPois    .         Reflect  .   (no helmet)
rElec    .         Harm     .   c - +0 cloak
rCorr    .         Rampage  .   (no gloves)
Will     .....                  h - +0 pair of boots
Stlth    +++.......             (no amulet)
HPRegen  0.06/turn              (no ring)
MPRegen  0.09/turn              (no ring)

@: lethally poisoned (-1 -> -6)
A: fangs 2, magic shield, antimagic bite, no potion heal 2
a: no special abilities


You were on level 2 of the Dungeon.
You visited 1 branch of the dungeon, and saw 2 of its levels.

You collected 63 gold pieces.

Inventory:

Hand Weapons
 a - a +2 dagger (weapon)
Missiles
 d - 4 poisoned darts (quivered)
 e - 2 curare-tipped darts
Armour
 b - a +0 robe (worn)
 c - a +0 cloak (worn)
 h - a +0 pair of boots (worn)
Scrolls
 g - a scroll of fog {unknown}
 i - 2 scrolls of teleportation {unknown}
 j - a scroll of amnesia {unknown}
 l - a scroll of torment {unknown}
 m - a scroll of identify {unknown}
Potions
 f - a potion of degeneration {unknown}
 k - a potion of might {unknown}


   Skills:
 - Level 1.7 Fighting
 - Level 1.7 Short Blades
 - Level 1.7 Throwing
 - Level 0.7 Dodging
 + Level 6.5 Stealth


You had 2 spell levels left.
You didn't know any spells.
Your spell library contained the following spells:

 Spells                   Type           Power      Damage    Failure   Level
 Beastly Appendage        Tmut           0%         N/A       34%         1
 Wereblood                Tmut           0%         N/A       47%         2
 Spider Form              Tmut/Pois      0%         N/A       71%         3
 Ice Form                 Ice/Tmut       0%         N/A       98%         4


Dungeon Overview and Level Annotations

Branches:
Dungeon (2/15)

Altars:

Shops:
D:1 [


Innate Abilities, Weirdness & Mutations

You have extremely sharp teeth.
When hurt, damage is shared between your health and your magic reserves.
Your bite disrupts and absorbs the magic of your enemies.
Potions cannot restore your health.


Message History

Press: ? - help, Q - select action, (/) - cycle Shift-Dir - straight line, f/p - adder
Aim: an adder (lightly wounded, 38% to hit)
You throw a poisoned dart. The poisoned dart hits the adder.
The adder is lightly wounded.
The adder bites you.
You closely miss the adder. Your bite misses the adder.
The adder is lightly wounded.
The adder bites you.
You hit the adder but do no damage.
The adder is lightly wounded.
The adder closely misses you.
Throw: 5 darts (poison)
Press: ? - help, Q - select action, (/) - cycle Shift-Dir - straight line, f/p - adder
Aim: an adder (lightly wounded, 38% to hit)
You throw a poisoned dart. The poisoned dart misses the adder.
The poisoned dart hits the goblin.
The goblin looks even sicker.
The goblin is heavily wounded.
The adder bites you. The adder barely misses you.
You closely miss the adder.
The adder is lightly wounded.
The adder bites you.
* * * LOW HITPOINT WARNING * * *
You closely miss the adder. Your bite misses the adder.
The adder is lightly wounded.
The adder bites you.
* * * LOW HITPOINT WARNING * * *
You hit the adder. You bite the adder. You drain its power.
You feel invigorated.
The adder is heavily wounded.
You kill the goblin!
The adder barely misses you. The adder bites you.
* * * LOW HITPOINT WARNING * * *
The adder bites you. The adder bites you.
* * * LOW HITPOINT WARNING * * *
You are lethally poisoned!
The adder poisons you!
You die...

...<....... #........#.#
.......<..# #....)#..#.#
..........# #..#.....#.#
.....>=.... #.....#.<#.#
..........# ####..#..#.#
..........# #..#..#.#
....# ..## #..#..#.#
....# ... #..#..#.#
....##.##.######@....#.#
........#..............#
....$.........S..#.#####
.#...########b#......#
.#...)(.......######.#
.....########.# #.#
...### #.# #.# ####
#.######.# #........#


You could see an adder and a bat.

Vanquished Creatures
  A worm (D:2)
  2 dart slugs (D:1)
  A bat (D:1)
  3 endoplasms (D:1)
  A giant cockroach (D:1)
  2 goblins
  5 hobgoblins
  3 jackals (D:1)
  2 kobolds
  3 ball pythons (D:1)
  A frilled lizard (D:1)
  6 rats (D:1)
30 creatures vanquished.

Notes
Turn   | Place    | Note
-------+----------+-------------------------------------------
     0 | D:1      | HAL9000 the Vine Stalker Brigand began the quest for the
                  | Orb.
     0 | D:1      | Reached XP level 1. HP: 11/11 MP: 2/2
    57 | D:1      | Reached skill level 5 in Stealth
   116 | D:1      | Reached XP level 2. HP: 15/15 MP: 3/3
   461 | D:1      | Reached skill level 6 in Stealth
   539 | D:1      | Found a faded altar of an unknown god.
   562 | D:1      | Reached XP level 3. HP: 16/18 MP: 4/4
   935 | D:1      | Found Neucuce's Armour Shop.
  1181 | D:2      | Succumbed to an adder's poison

Illustrated notes

Levels and vault maps discovered:
D:1:      evilmike_arrival_fibonacci_small, layout_basic, serial_shops, shop,
          shapermc_ecumenical_altar_notcrosses
D:2:      cheibrodos_pilgrimage, layout_basic, minmay_tiny_reverse_x

Skill      XL: |  1  2 |
---------------+-------+-----
Stealth        | 5 6 |  6.5
Fighting       | |  1.7
Short Blades   | |  1.7
Throwing       | |  1.7
Dodging        | |  0.7

Action                   || total
-------------------------++-------
Melee: Dagger            ||    56
       Bite              ||    12
Throw: Dart              ||     4
 Stab: Sleeping          ||    17
Armor: Robe              ||    13
Dodge: Dodged            ||    24

Table legend: (Time is in decaauts)
 A = Elapsed time spent in this place.
 B = Non-inter-level travel time spent in this place.
 C = Inter-level travel time spent in this place.
 D = Time resting spent in this place.
 E = Time spent auto-exploring this place.
 F = Levels seen in this place.
 G = Mean time per level.
                   A        B        C        D        E       F      G
               +--------+--------+--------+--------+--------+-----+--------+
         Total |   1177 |   1144 |     33 |      0 |    933 |   2 |  588.5 |
       Dungeon |   1177 |   1144 |     33 |      0 |    933 |   2 |  588.5 |
               +--------+--------+--------+--------+--------+-----+--------+

Top non-repeatable levels by time:
     D:1: 1082 daAuts
     D:2: 95 daAuts
